 Dungeon Crawl Stone Soup version 0.32-a0-975-g85d4e5bfdb (webtiles) character file.

Game seed: 4754848783015835180

988 HilariousDeathArtist the Fighter (level 8, -3/68 HPs)
             Began as a Coglin Reaver on Apr 18, 2024.
             Was a Believer of the Shining One.
             Slain by a steam dragon (6 damage)
             ... on level 6 of the Dungeon.
             The game lasted 00:04:39 (5246 turns).

HilariousDeathArtist the Fighter (Coglin Reaver)    Turns: 5246, Time: 00:04:40

Health: -3/68      AC:  7    Str: 14    XL:     8   Next: 18%
Magic:  10/10      EV:  8    Int: 12    God:    the Shining One [**....]
Gold:   134        SH:  0    Dex: 14    Spells: 9/10 levels left

rFire   . . .        I - +0 trident {Kiko}
rCold   . . .        A - +0 spear {Chidori}
rNeg    + . .        C - +0 scale mail
rPois   .            (helmet restricted)
rElec   .            t - +0 cloak
rCorr   .            (no gloves)
SInv    .            (no boots)
Will    .....        (amulet unavailable) Stlth
                     (ring unavailable)
HPRegen 0.31/turn    (ring unavailable)
MPRegen 0.12/turn    (no gizmo)

%: no passive effects
@: hasted, glowing, revved, very quick
A: off-hand wielding, slow wielding, warmup strikes, no jewellery, beak, noise
suppression
a: Invent Gizmo, Renounce Religion, Divine Shield


You were on level 6 of the Dungeon.
You worshipped the Shining One.
The Shining One was pleased with you.
You visited 1 branch of the dungeon, and saw 6 of its levels.

You collected 197 gold pieces.
You spent 63 gold pieces at shops.

Inventory:

Hand Weapons
 a - a +0 spear {Ekveer}
 c - a +0 dagger {Renate}
 l - a +0 dagger of protection {Juan}
   (You took it off a goblin on level 2 of the Dungeon)
 A - a +0 spear (offhand) {Chidori}
   (You found it on level 3 of the Dungeon)
 I - a +0 trident (weapon) {Kiko}
   (You took it off a gnoll sergeant on level 4 of the Dungeon)
Missiles
 s - 46 stones
 w - 7 poisoned darts
 z - 3 javelins
Armour
 b - a +0 leather armour
 q - a +0 helmet
   (You bought it in a shop on level 4 of the Dungeon)
 t - a +0 cloak (worn)
   (You found it on level 2 of the Dungeon)
 C - a +0 scale mail (worn)
   (You found it on level 4 of the Dungeon)
Magical Staves
 K - a staff of conjuration
   (You found it on level 5 of the Dungeon)
Talismans
 x - a blade talisman
   (You found it on level 3 of the Dungeon)
 B - a maw talisman
   (You found it on level 4 of the Dungeon)
 F - a beast talisman
   (You found it on level 4 of the Dungeon)
Wands
 e - a wand of charming (7)
   (You took it off Ijyb on level 3 of the Dungeon)
 E - a wand of roots (5)
   (You found it on level 4 of the Dungeon)
Scrolls
 f - a scroll of butterflies {unknown}
 g - a scroll of brand weapon {unknown}
 h - 2 scrolls of revelation {unknown}
 k - a scroll of fear {unknown}
 m - 2 scrolls of fog {unknown}
 r - 3 scrolls of immolation {unknown}
 u - 2 scrolls of noise {unknown}
 v - 4 scrolls of identify {unknown}
 y - 2 scrolls of poison {!r}
 G - a scroll of amnesia {unknown}
 L - a scroll of vulnerability {unknown}
 M - a scroll of enchant weapon {unknown}
Potions
 d - a potion of degeneration {unknown}
 i - a potion of magic {unknown}
 j - 2 potions of enlightenment {unknown}
 n - 3 potions of attraction {unknown}
 o - a potion of brilliance {unknown}
 p - a potion of ambrosia {unknown}
 D - a potion of curing {unknown}
 H - a potion of haste


   Skills:
 + Level 8.0 Fighting
 - Level 2.6 Polearms
 - Level 1.7 Dodging
 - Level 1.7 Spellcasting
 - Level 2.6 Conjurations
 + Level 6.3 Evocations


You had 9 spell levels left.
You knew the following spells:

 Your Spells              Type           Power      Damage    Failure   Level
a - Kiss of Death         Conj/Necr      16%        2d6       58%         1

Your spell library contained the following spells:

 Spells                   Type           Power      Damage    Failure   Level
 Momentum Strike          Conj/Tloc      8%         3d8       73%         2
 Mercury Vapours          Alch/Air       2%         N/A       88%         2
 Hailstorm                Conj/Ice       4%         3d5       91%         3
 Mephitic Cloud           Conj/Alch/Air  3%         N/A       95%         3
 Petrify                  Alch/Erth      1%         N/A       100%        4
 Freezing Cloud           Conj/Ice/Air   1%         6-21      100%        5
 Irradiate                Conj/Alch      2%         3d12      100%        5
 Summon Forest            Summ/Tloc      0%         N/A       100%        5
 Eringya's Noxious Bog    Alch           0%         4d6       100%        6
 Summon Hydra             Summ           0%         N/A       100%        7
 Fulsome Fusillade        Conj/Alch      2%         (3-5)d4   100%        8


Dungeon Overview and Level Annotations

Branches:
Dungeon (6/15)
 Temple: D:4-7

Altars:
Cheibriados
Dithmenos
Makhleb
The Shining One

Shops:
D:4 ?*[

Annotations:
D:6 1 transporter, HilariousDeathArtist's ghost, novice CoHs


Innate Abilities, Weirdness & Mutations

You can wield a second weapon in your off-hand.
It takes a long time for you to wield or remove held weapons.
Your first few attacks do less damage.
You cannot equip rings or amulets.
You have a beak for a mouth.
You passively dampen the noise of your surroundings.


Message History

The phantom hits you but does no damage.
It was a potion of haste.
You feel yourself speed up.
H - a potion of haste;
q - a +0 helmet (worn)
The phantom hits you but does no damage.
It was a potion of mutation.
You feel extremely strange.
You feel stronger.
You feel weaker.
Your mouth lengthens and hardens into a beak!
Your +0 helmet falls away!
You feel your surroundings grow quieter.
The phantom hits you.
The phantom blinks!
You blink.
You take 5 damage, and have 29/68 hp.
You puncture the phantom with your +0 trident!
You peck the phantom.
You barely miss the phantom with your +0 spear.
The phantom hits you but does no damage.
Reach: I) +0 trident {Kiko}
Press: ? - help, Dir - move target, f - phantom
Aim: a phantom (moderately damaged, haloed, about 31% to evade your +0 trident)
You reach to attack!
You hit the phantom with your +0 spear.
You hit the phantom with your +0 trident.
You hit the phantom but do no damage. Your peck misses the phantom.
You hit the phantom with your +0 trident.
The phantom closely misses you.
You barely miss the phantom with your +0 spear.
You puncture the phantom with your +0 trident!
The phantom hits you.
The phantom blinks!
You blink.
You take 1 damage, and have 29/68 hp.
Reach: I) +0 trident {Kiko}
Press: ? - help, Dir - move target, f/p - phantom
Aim: a phantom (almost destroyed, haloed, about 31% to evade your +0 trident)
You hit the phantom but do no damage. You peck the phantom.
You destroy the phantom!
The Shining One accepts your kill.
You feel better.
Your Fighting skill increases to level 8!
You regained 8 hp, and now have 37/68 hp.
Reach: I) +0 trident {Kiko}
Press: ? - help, Dir - move target, f - you That would be overly suicidal.
Okay, then.
There are no items here.
Reach: I) +0 trident {Kiko}
Press: ? - help, Dir - move target, f - steam dragon
Aim: a steam dragon (moderately wounded, haloed, about 20% to evade your +0 trident)
You reach to attack!
You hit the steam dragon with your +0 trident.
You barely miss the steam dragon with your +0 spear.
Reach: I) +0 trident {Kiko}
Press: ? - help, Dir - move target, f/p - steam dragon
Aim: a steam dragon (heavily wounded, haloed, about 20% to evade your +0 trident)
You barely miss the steam dragon with your +0 trident.
You hit the steam dragon with your +0 spear.
You barely miss the steam dragon with your +0 trident.
You peck the steam dragon, but do no damage.
You completely miss the steam dragon with your +0 spear.
The steam dragon breathes steam at you. The ball of steam hits you!
You take 15 damage, and have 23/68 hp.
MASSIVE DAMAGE!!
You are engulfed in a cloud of scalding steam.
You take 2 damage, and have 21/68 hp.
Reach: I) +0 trident {Kiko}
Press: ? - help, Dir - move target, f/p - steam dragon
Aim: a steam dragon (steam, heavily wounded, haloed, about 20% to evade your +0 trident)
You reach to attack!
You barely miss the steam dragon with your +0 trident.
You hit the steam dragon but do no damage.
Reach: I) +0 trident {Kiko}
Press: ? - help, Dir - move target, f/p - steam dragon
Aim: a steam dragon (steam, heavily wounded, haloed, about 20% to evade your +0 trident)
You hit the steam dragon but do no damage.
You barely miss the steam dragon with your +0 trident.
The steam dragon bites you but does no damage.
The steam dragon barely misses you.
You puncture the steam dragon with your +0 trident!
You hit the steam dragon but do no damage.
The steam dragon barely misses you.
The steam dragon claws you but does no damage.
You hit the steam dragon with your +0 trident.
You hit the steam dragon but do no damage.
You hit the steam dragon with your +0 spear.
You hit the steam dragon but do no damage.
The steam dragon bites you. The steam dragon barely misses you.
You take 1 damage, and have 21/68 hp.
You barely miss the steam dragon with your +0 trident.
You peck the steam dragon, but do no damage.
You hit the steam dragon with your +0 spear.
The steam dragon breathes steam at you. The ball of steam hits you!
* * * LOW HITPOINT WARNING * * *
You take 13 damage, and have 8/68 hp.
You barely miss the steam dragon with your +0 trident.
You hit the steam dragon with your +0 spear.
You are engulfed in a cloud of scalding steam.
* * * LOW HITPOINT WARNING * * *
The steam dragon bites you.
You die...

###
#.#######.##
#.....§§@..###
.####§§D...[#
#§##.##.# #.
#.##.# #.
#.##.#
#.##.##.#
#.......#
####.####
###.####


You could see a steam dragon.

Vanquished Creatures
  A water moccasin (D:5)
  A black bear (D:5)
  An ogre (D:5)
  A phantom (D:6)
  A gnoll sergeant (D:4)
  3 scorpions
  A hound (D:5)
  A bombardier beetle (D:5)
  2 sleepcaps
  Crazy Yiuf (D:3)
  Jessica (D:3)
  Ijyb (D:3)
  5 gnolls
  8 adders
  A ribbon worm (D:2)
  An orc (D:3)
  6 endoplasms
  5 giant cockroaches
  9 goblins
  2 hobgoblins
  3 kobolds (D:2)
  6 quokkas
  6 ball pythons
  8 bats
  2 frilled lizards
  5 rats
82 creatures vanquished.

Notes
Turn   | Place    | Note
-------+----------+-------------------------------------------
     0 | D:1      | HilariousDeathArtist the Coglin Reaver began the quest for
                  | the Orb.
     0 | D:1      | Reached XP level 1. HP: 16/16 MP: 3/3
   164 | D:1      | Reached XP level 2. HP: 23/23 MP: 4/4
   309 | D:1      | Found a faded altar of an unknown god.
   315 | D:1      | Reached skill level 3 in Fighting
   321 | D:1      | Prayed at the altar of an unknown god.
   321 | D:1      | Became a worshipper of the Shining One
   321 | D:1      | Reached * piety under the Shining One
   864 | D:2      | Reached XP level 3. HP: 21/29 MP: 5/5
  1037 | D:2      | Reached skill level 4 in Fighting
  1286 | D:2      | Reached XP level 4. HP: 37/37 MP: 6/6
  1645 | D:3      | Found a burning altar of Makhleb.
  1704 | D:3      | Noticed Ijyb
  1724 | D:3      | Killed Ijyb
  1827 | D:3      | Noticed Jessica
  1840 | D:3      | Killed Jessica
  1841 | D:3      | Reached skill level 5 in Fighting
  1841 | D:3      | Reached XP level 5. HP: 25/44 MP: 7/7
  2001 | D:3      | Found a runed translucent door.
  2002 | D:3      | Noticed Crazy Yiuf
  2108 | D:3      | Found a shadowy altar of Dithmenos.
  2510 | D:3      | Killed Crazy Yiuf
  2648 | D:4      | Reached skill level 6 in Fighting
  2648 | D:4      | Reached XP level 6. HP: 47/52 MP: 8/8
  2957 | D:4      | Reached ** piety under the Shining One
  3070 | D:4      | Found Ewnaham's General Store.
  3071 | D:4      | Found Omaupp's Armour Shop.
  3072 | D:4      | Found Rotarug's Magic Scroll Shop.
  3183 | D:5      | Entered Level 5 of the Dungeon
  3183 | D:5      | Noticed a water moccasin
  3193 | D:5      | Killed a water moccasin
  3194 | D:5      | Reached skill level 2 in Evocations
  3483 | D:5      | Noticed a black bear
  3491 | D:5      | Killed a black bear
  3492 | D:5      | Reached skill level 3 in Evocations
  3492 | D:5      | Reached XP level 7. HP: 43/59 MP: 9/9
  3571 | D:5      | Reached skill level 7 in Fighting
  3571 | D:5      | Reached skill level 4 in Evocations
  3581 | D:5      | HP: 15/60 [scorpion (4)]
  3886 | D:4      | Bought a +0 helmet for 63 gold pieces
  4043 | D:4      | HP: 14/60 [gnoll sergeant/+0 trident (5)]
  4226 | D:5      | Reached skill level 5 in Evocations
  4597 | D:5      | Found a snail-covered altar of Cheibriados.
  4648 | D:5      | Reached XP level 8. HP: 58/68 MP: 10/10
  4995 | D:6      | Noticed HilariousDeathArtist's ghost (novice CoHs)
  5012 | D:6      | Reached skill level 6 in Evocations
  5079 | D:6      | Found a transporter.
  5196 | D:6      | Identified the +8 great mace of Vunoase {freeze, rPois}
  5196 | D:6      | Noticed a two-headed ogre
  5225 | D:6      | Gained mutation: Your muscles are strong. (Str +4, Int/Dex
                  | -1) [potion of mutation]
  5225 | D:6      | Lost mutation: Your muscles are strong. (Str +4, Int/Dex
                  | -1) [potion of mutation]
  5225 | D:6      | Gained mutation: You have a beak for a mouth. [potion of
                  | mutation]
  5225 | D:6      | Gained mutation: You passively dampen the noise of your
                  | surroundings. [potion of mutation]
  5232 | D:6      | Reached skill level 8 in Fighting
  5244 | D:6      | HP: 8/68 [steam dragon/ball of steam (14)]
  5246 | D:6      | HP: 3/68 [steam dragon] (5)]
  5246 | D:6      | Slain by a steam dragon

Illustrated notes

Levels and vault maps discovered:
D:1:      shiori_arrival_maze, layout_basic, shapermc_ecumenical_altar_venn,
          chequers_serial_rivers_large_a, minmay_pentomino_x4
D:2:      layout_loops_corners, guppyfry_early_lair_pool
D:3:      layout_basic, general_overflow_altar, bloody_makhleb,
          uniq_crazy_yiuf_cottage, uniq_ijyb, uniq_jessica
D:4:      layout_rooms, nicolae_shop_distant_corner_stores,
          chequers_mini_garden, hangedman_decor_peaks_small,
          hangedman_minor_gate_pass
D:5:      layout_loops_ring, nicolae_overflow_crystal_walls
D:6:      layout_loops_cross, kennysheep_mini_moat, gammafunk_ghost_smash,
          serial_bayou_lagoon_b

Skill      XL: |  1  2  3  4  5  6  7  8 |
---------------+-------------------------+-----
Fighting       | 3 4 5 6 7 8 |  8.0
Evocations     | 3 5 6 |  6.3
Polearms       | |  2.6
Dodging        | |  1.7
Spellcasting   | |  1.7
Conjurations   | |  2.6

Action                     |  1- 3 |  4- 6 |  7- 9 || total
---------------------------+-------+-------+-------++-------
  Melee: Spear             |    92 |   137 |   154 ||   383
         Dagger            |    64 |    35 |       ||    99
         Trident           |       |       |    78 ||    78
         Peck              |       |       |     4 ||     4
  Throw: Stone             |     4 |    11 |       ||    15
         Dart              |       |     3 |       ||     3
         Javelin           |       |     2 |       ||     2
  Evoke: Wand              |       |       |     1 ||     1
    Use: Scroll            |       |     1 |       ||     1
         Potion            |       |       |     2 ||     2
   Stab: Sleeping          |     2 |       |       ||     2
 Armour: Leather armour    |    26 |    26 |       ||    52
         Scale mail        |       |    28 |   111 ||   139
  Dodge: Dodged            |    37 |    32 |    43 ||   112

Table legend: (Time is in decaauts)
 A = Elapsed time spent in this place.
 B = Non-inter-level travel time spent in this place.
 C = Inter-level travel time spent in this place.
 D = Time resting spent in this place.
 E = Time spent auto-exploring this place.
 F = Levels seen in this place.
 G = Mean time per level.
                   A        B        C        D        E       F      G
               +--------+--------+--------+--------+--------+-----+--------+
         Total |   5251 |   5093 |    158 |      0 |   4433 |   6 |  875.2 |
       Dungeon |   5251 |   5093 |    158 |      0 |   4433 |   6 |  875.2 |
               +--------+--------+--------+--------+--------+-----+--------+

Top non-repeatable levels by time:
     D:5: 1357 daAuts
     D:4: 1027 daAuts
     D:3: 971 daAuts
     D:2: 927 daAuts
     D:1: 721 daAuts
     D:6: 246 daAuts

Levels and vault maps discovered:
D:1:      shiori_arrival_maze, layout_basic, shapermc_ecumenical_altar_venn,
          chequers_serial_rivers_large_a, minmay_pentomino_x4
D:2:      layout_loops_corners, guppyfry_early_lair_pool
D:3:      layout_basic, general_overflow_altar, bloody_makhleb,
          uniq_crazy_yiuf_cottage, uniq_ijyb, uniq_jessica
D:4:      layout_rooms, nicolae_shop_distant_corner_stores,
          chequers_mini_garden, hangedman_decor_peaks_small,
          hangedman_minor_gate_pass
D:5:      layout_loops_ring, nicolae_overflow_crystal_walls
D:6:      layout_loops_cross, kennysheep_mini_moat, gammafunk_ghost_smash,
          serial_bayou_lagoon_b

Table legend: (Time is in decaauts)
 A = Elapsed time spent in this place.
 B = Non-inter-level travel time spent in this place.
 C = Inter-level travel time spent in this place.
 D = Time resting spent in this place.
 E = Time spent auto-exploring this place.
 F = Levels seen in this place.
 G = Mean time per level.
                   A        B        C        D        E       F      G
               +--------+--------+--------+--------+--------+-----+--------+
         Total |   5251 |   5093 |    158 |      0 |   4433 |   6 |  875.2 |
       Dungeon |   5251 |   5093 |    158 |      0 |   4433 |   6 |  875.2 |
               +--------+--------+--------+--------+--------+-----+--------+

Top non-repeatable levels by time:
     D:5: 1357 daAuts
     D:4: 1027 daAuts
     D:3: 971 daAuts
     D:2: 927 daAuts
     D:1: 721 daAuts
     D:6: 246 daAuts

Table legend:
 A = Kills in this place as a percentage of kills in the entire game.
 B = Kills by you in this place as a percentage of kills by you in the entire game.
 C = Kills by friends in this place as a percentage of kills by friends in the entire game.
 D = Other kills in this place as a percentage of other kills in the entire game.
 E = Experience gained in this place as a percentage of experience gained in the entire game.
 F = Experience gained in this place divided by the number of levels of this place that you have seen.
                   A       B       C       D       E      F
               +-------+-------+-------+-------+-------+----------------------
         Total | 100.0 | 100.0 |   N/A |   N/A | 100.0 | 235.3
       Dungeon | 100.0 | 100.0 |   N/A |   N/A | 100.0 | 235.3
               +-------+-------+-------+-------+-------+----------------------
